 Dungeon Crawl Stone Soup version 0.22-a0-161-g198051c (webtiles) character file.

6767 vishdafish the Grappler (level 10, -15/98 HPs)
             Began as a Troll Fighter on Feb 11, 2018.
             Was an Elder of Yredelemnul.
             Killed by the air
             ... invoked by Gastronok
              (18 damage)
             ... on level 11 of the Dungeon.
             The game lasted 00:26:11 (7977 turns).

vishdafish the Grappler (Troll Fighter)             Turns: 7977, Time: 00:26:11

Health: -15/98     AC:  7    Str: 26    XL:     10   Next: 76%
Magic:  13/13      EV: 11    Int:  4    God:    Yredelemnul [****..]
Gold:   366        SH: 10    Dex: 12    Spells: 9/9 levels left

rFire    . . .     SeeInvis +     - Unarmed
rCold    + + .     Gourm    +   b - +0 shield
rNeg     . . .     Faith    .   a - +0 robe
rPois    .         Spirit   .   (helmet restricted)
rElec    .         Reflect  .   (no cloak)
rCorr    .         Harm     .   (gloves unavailable)
MR       .....                  (boots unavailable)
Stlth    +.........             (no amulet)
HPRegen  0.66/turn              p - ring of protection from cold
MPRegen  0.13/turn              c - ring of see invisible

@: no status effects
A: large, unfitting armour, claws 3, yellow scales 1, cold resistance 1, fast
metabolism 3, gourmand, regeneration 1, shaggy fur 1, tough skin 2
a: Recall Undead Slaves, Injury Mirror, Animate Dead, Drain Life, Renounce
Religion


You were on level 11 of the Dungeon.
You worshipped Yredelemnul.
Yredelemnul was greatly pleased with you.
You were not hungry.

You visited 1 branch of the dungeon, and saw 11 of its levels.

You collected 478 gold pieces.
You spent 112 gold pieces at shops.

Inventory:

Hand Weapons
 d - a +2 trident
 E - a +4 hand axe
 F - a +3 war axe
 H - a +0 war axe of venom
Missiles
 D - 5 tomahawks (quivered)
Armour
 a - a +0 robe (worn)
 b - a +0 shield (worn)
Jewellery
 c - a ring of see invisible (right claw)
 g - a +3 ring of intelligence
 p - a ring of protection from cold (left claw)
 t - an uncursed ring of fire
 A - an uncursed amulet of faith
Wands
 q - a wand of flame (1)
 v - a wand of polymorph (8)
 y - a wand of random effects (27)
 I - a wand of scattershot (3)
Scrolls
 f - 2 scrolls of remove curse
 i - 8 scrolls of teleportation
 j - 4 scrolls of fog
 l - 2 scrolls of enchant armour {unknown}
 o - a scroll of fear
 r - 3 scrolls of amnesia {unknown}
 s - 3 scrolls of magic mapping {unknown}
 w - 2 scrolls of enchant weapon {unknown}
Potions
 e - 5 potions of curing
 h - a potion of brilliance
 m - a potion of degeneration
 n - a potion of lignification {unknown}
 x - a potion of ambrosia {unknown}
 z - 2 potions of magic
 C - a potion of cancellation
Comestibles
 B - 6 rations


   Skills:
 + Level 6.0 Fighting
 - Level 1.2 Throwing
 + Level 6.0 Dodging
 - Level 4.2 Shields
 + Level 8.2 Unarmed Combat
 + Level 6.6 Invocations
 * Level 5.2 Evocations


You had 9 spell levels left.
You didn't know any spells.

Dungeon Overview and Level Annotations

Branches:
Dungeon (11/15)            Temple (0/1) D:5            Lair (0/6) D:8
    Orc (0/2) D:9

Altars:
Dithmenos
Elyvilon
Gozag
Okawaru
Qazlal
Uskayaw
Xom
Yredelemnul
The Shining One

Shops:
D:9 =!}(

Annotations:
D:10 vishdafish's ghost, journeyman TrBe
D:11 Gastronok


Innate Abilities, Weirdness & Mutations

You are too large for most types of armour.
You have claws for hands.
Your metabolism is lightning-fast.
You like to eat raw meat.
Your natural rate of healing is unusually fast.
You are covered in fur. (AC +1)
You have very tough skin. (AC +2)
You are partially covered in yellow scales. (AC +2)
Your flesh is cold resistant. (rC+)


Message History

You block the river rat's attack. The yak gores you!
* * * LOW HITPOINT WARNING * * *
You barely miss the river rat. You block the river rat's attack.
You block the yak's attack. Gastronok bites you!!
* * * LOW HITPOINT WARNING * * *
As you read the scroll of fear, it crumbles to dust.
You assume a fearsome visage.
Gastronok resists with some effort.
The river rat looks frightened! x2; The orc looks frightened!
The quokka looks frightened!
The river rat looks frightened!
The yak looks frightened! 2 yaks come into view.
Press: ? - help, v - describe, . - travel
Here: Gastronok, wearing a glowing hat (almost dead, covering ground quickly)
The floor.
You scratch Gastronok.
Gastronok is almost dead.
Gastronok waves his eye-stalks in wide circles.
The air twists around and strikes you!
You die...
Your body rises from the dead as a mindless zombie. #### #.. #### ##.######### ..rr## #..........# YYro##

#..........#
#wY###..........#
#@..r...<......#
#####.....(....#
#..........#
#..........#
#..........#
#####.######
#......#
#########'###
#...........#


You could see Gastronok, 2 yaks, 3 river rats, an orc (fleeing) and a quokka
(fleeing).

Vanquished Creatures
  A two-headed ogre (D:8)
  An unseen horror (D:7)
  The ghost of p0werm0de the Insei, an amateur OpGl (D:5)
  Grum (D:10)
  The ghost of p0werm0de the Insei, an amateur OpGl of Gozag (D:4)
  An ice beast (D:10)
  6 sky beasts
  2 black bears (D:9)
  4 orc warriors (D:9)
  2 phantoms
  2 wolves (D:9)
  2 ogres
  A centaur (D:6)
  3 big kobolds
  Blork the orc (D:5)
  3 bullfrogs
  A gnoll sergeant (D:7)
  3 scorpions
  10 wights
  A howler monkey (D:8)
  6 electric eels (D:9)
  3 crimson imps
  3 jellies
  2 quasits
  A bullfrog zombie (D:8)
  3 hounds (D:5)
  11 orc wizards
  9 orc priests
  2 centaur skeletons
  A gnoll shaman (D:6)
  2 iguanas
  Ijyb (D:3)
  3 worker ants
  A killer bee zombie (D:9)
  A hound skeleton (D:5)
  2 worker ant zombies
  8 gnolls
  14 adders
  A shadow imp (D:6)
  2 oozes (D:1)
  An adder skeleton (D:5)
  2 dart slugs
  5 leopard geckos
  38 orcs
  7 bats
  6 giant cockroaches
  5 goblins
  4 hobgoblins
  12 jackals
  16 kobolds
  A quokka (D:5)
  3 ball pythons
  2 frilled lizards
  A leopard gecko skeleton (D:6)
  A quokka skeleton (D:7)
  5 rats
  A spectral orc (D:2)
233 creatures vanquished.

Vanquished Creatures (collateral kills)
  An ogre (D:5)
  A wolf (D:9)
  A bullfrog zombie (D:5)
  A crimson imp (D:8)
  An orc priest (D:8)
  3 bullfrog skeletons
  4 orcs
  A butterfly (D:5)
13 creatures vanquished.

Vanquished Creatures (others)
  A wolf zombie (D:9)
  A centaur zombie (D:6)
  2 sky beast zombies
  A hound zombie (D:5)
  2 adder skeletons (D:6)
  3 orc skeletons (D:9)
  A gnoll skeleton (D:6)
  2 jackal zombies (D:11)
  2 kobold zombies
  8 orc zombies (D:9)
23 creatures vanquished.

Grand Total: 269 creatures vanquished

Notes
Turn   | Place    | Note
-------+----------+-------------------------------------------
     0 | D:1      | vishdafish the Troll Fighter began the quest for the Orb.
     0 | D:1      | Reached XP level 1. HP: 22/22 MP: 0/0
    37 | D:1      | Reached XP level 2. HP: 29/29 MP: 1/1
   202 | D:1      | Reached XP level 3. HP: 36/36 MP: 2/2
   673 | D:2      | Found a basalt altar of Yredelemnul.
   683 | D:2      | Became a worshipper of Yredelemnul the Dark
   774 | D:2      | Reached skill level 1 in Throwing
  1133 | D:2      | Noticed a scorpion
  1144 | D:2      | Killed a scorpion
  1144 | D:2      | Reached skill level 3 in Unarmed Combat
  1144 | D:2      | Reached XP level 4. HP: 32/44 MP: 3/3
  1388 | D:3      | Noticed Ijyb
  1398 | D:3      | Killed Ijyb
  1398 | D:3      | Reached XP level 5. HP: 49/52 MP: 4/4
  1486 | D:3      | Reached skill level 1 in Invocations
  1651 | D:3      | Reached * piety under Yredelemnul
  1807 | D:5      | Entered Level 5 of the Dungeon
  1901 | D:5      | Found a staircase to the Ecumenical Temple.
  1916 | D:5      | Reached XP level 6. HP: 45/61 MP: 2/6
  2151 | D:4      | Noticed p0werm0de's ghost (amateur OpGl)
  2164 | D:4      | Killed p0werm0de's ghost
  2164 | D:4      | Reached skill level 4 in Unarmed Combat
  2263 | D:4      | Found a white marble altar of Elyvilon.
  2411 | D:4      | Found a glowing golden altar of the Shining One.
  2440 | D:4      | Found a shadowy altar of Dithmenos.
  2469 | D:4      | Found a hide-covered altar of Uskayaw.
  2469 | D:4      | Noticed an enchanted dagger
  2470 | D:4      | Noticed a hand axe
  2762 | D:5      | Reached XP level 7. HP: 66/67 MP: 7/7
  2770 | D:5      | Found a shimmering altar of Xom.
  3036 | D:5      | Noticed p0werm0de's ghost (amateur OpGl)
  3050 | D:5      | Killed p0werm0de's ghost
  3050 | D:5      | Reached skill level 5 in Unarmed Combat
  3168 | D:5      | Noticed Blork the orc
  3177 | D:5      | Killed Blork the orc
  3177 | D:5      | Reached ** piety under Yredelemnul
  3177 | D:5      | Reached XP level 8. HP: 54/78 MP: 9/9
  3726 | D:6      | Reached skill level 6 in Unarmed Combat
  4160 | D:6      | Found a stormy altar of Qazlal.
  4583 | D:7      | Reached skill level 5 in Invocations
  4583 | D:7      | Reached XP level 9. HP: 56/85 MP: 11/11
  4598 | D:7      | Noticed an unseen horror
  4609 | D:7      | Killed an unseen horror
  4990 | D:7      | Reached skill level 7 in Unarmed Combat
  4991 | D:7      | HP: 1/87 [ogre/giant club (20)]
  5259 | D:8      | Reached skill level 5 in Fighting
  5274 | D:8      | Noticed a two-headed ogre
  5292 | D:8      | Killed a two-headed ogre
  5292 | D:8      | Reached skill level 5 in Dodging
  5394 | D:8      | Found an iron altar of Okawaru.
  5405 | D:8      | Reached *** piety under Yredelemnul
  5493 | D:8      | Reached XP level 10. HP: 72/96 MP: 13/13
  5513 | D:8      | Found a staircase to the Lair.
  5841 | D:8      | Found an opulent altar of Gozag.
  6006 | D:9      | Found Atibuuwk's Gadget Shop.
  6027 | D:9      | Found Gaeh's Weapon Shoppe.
  6207 | D:9      | HP: 4/96 [orc warrior/glaive (19)]
  6331 | D:9      | Reached **** piety under Yredelemnul
  6934 | D:9      | Reached skill level 8 in Unarmed Combat
  7097 | D:9      | Found Utzas's Distillery.
  7105 | D:9      | Bought a potion of invisibility for 112 gold pieces
  7146 | D:9      | Found Noconosh's Jewellery Shoppe.
  7275 | D:9      | Found a staircase to the Orcish Mines.
  7341 | D:10     | Entered Level 10 of the Dungeon
  7341 | D:10     | Noticed vishdafish's ghost (journeyman TrBe)
  7342 | D:10     | Noticed Grum
  7600 | D:10     | Reached skill level 5 in Evocations
  7615 | D:10     | Killed Grum
  7772 | D:10     | Gained mutation: Armour fits poorly on your strangely shaped body. [potion of mutation]
  7772 | D:10     | Gained mutation: You have a pair of small antennae on your head. [potion of mutation]
  7808 | D:9      | Lost mutation: Armour fits poorly on your strangely shaped body. [potion of mutation]
  7808 | D:9      | Lost mutation: You have a pair of small antennae on your head. [potion of mutation]
  7808 | D:9      | Gained mutation: Your spells are a little harder to cast, but a little more powerful. [potion of mutation]
  7808 | D:9      | Lost mutation: Your spells are a little harder to cast, but a little more powerful. [potion of mutation]
  7808 | D:9      | Gained mutation: Your flesh is cold resistant. (rC+) [potion of mutation]
  7808 | D:9      | Gained mutation: You are partially covered in yellow scales. (AC +2) [potion of mutation]
  7956 | D:11     | Noticed Gastronok
  7975 | D:11     | HP: 2/98 [Gastronok (27)]
  7977 | D:11     | Killed from afar by Gastronok

Vault maps used:
D:1:      erik_arrival_gehennom, minivault_14
D:2:      yredelemnul_forgotten_temple_becter, first_ration
D:3:      kennysheep_generic_room_4, uniq_ijyb
D:4:      nicolae_tso_carved_into_rock, old_standard_altar,
          dancing_weapons_uskayaw, grunt_dithmenos_smoke
D:5:      xom_butterflies, temple_statues, st_stairs_11, uniq_blork_the_orc
D:6:      overflow_temple_1_default
D:8:      lemuel_doored_altar, kennysheep_mini, dpeg_oklobed_lair, minivault_23
D:9:      erik_orc_2, serial_shops, nicolae_shop_behind_doors, shop, shop,
          nicolae_shop_trees
D:10:     grunt_ogre_cave, kennysheep_cross_room,
          lemuel_mausoleum_altar_kikubaaqudgha, uniq_grum, uniq_snorg
D:11:     basic_altar, uniq_erica, uniq_gastronok

Skill      XL: |  1  2  3  4  5  6  7  8  9 10 |
---------------+-------------------------------+-----
Throwing       | 1 |  1.2
Unarmed Combat | 3 4 5 6 7 8 |  8.2
Invocations    | 1 2 3 5 6 |  6.6
Fighting       | 3 4 5 6 |  6.0
Shields        | 3 4 |  4.2
Dodging        | 3 4 5 6 |  6.0
Evocations     | 3 5 |  5.2

Action                   |  1- 3 |  4- 6 |  7- 9 | 10-12 || total
-------------------------+-------+-------+-------+-------++-------
Melee: Unarmed           |   119 |   111 |   253 |   293 ||   776
       Trident           |       |       |    32 |     3 ||    35
Throw: Tomahawk          |       |       |       |     6 ||     6
Invok: Animate Remains   |       |     3 |    11 |       ||    14
       Animate Dead      |       |       |       |    10 ||    10
Evoke: Wand              |       |       |     8 |    33 ||    41
  Use: Potion            |     3 |     1 |     2 |     4 ||    10
       Scroll            |     1 |       |     8 |     3 ||    12
 Stab: Sleeping          |       |     1 |       |       ||     1
  Eat: Chunk             |     9 |    14 |    18 |    27 ||    68
       Ration            |       |       |     3 |     1 ||     4
Armor: Robe              |    44 |    30 |    53 |    48 ||   175
Dodge: Dodged            |    41 |    20 |   111 |    87 ||   259
Block: Shield            |    42 |    42 |   119 |   104 ||   307

Table legend:
 A = Spawn XP
 B = Non-spawn XP
 C = Spawn XP percentage of total XP
 D = Spawn monster count
 E = Non-spawn monster count
 F = Spawn count percentage of total count
 G = Total turns spent on level
                    A         B        C        D         E        F      G
               +---------+---------+-------+---------+---------+-------+---------
         Total |       0 |    9668 |   0.0 |       0 |     244 |   0.0 |  7977
               +---------+---------+-------+---------+---------+-------+---------
           D:1 |       0 |      60 |   0.0 |       0 |      27 |   0.0 |   523
           D:2 |       0 |      92 |   0.0 |       0 |      17 |   0.0 |   787
           D:3 |       0 |     106 |   0.0 |       0 |      17 |   0.0 |   480
           D:4 |       0 |     241 |   0.0 |       0 |       5 |   0.0 |   758
           D:5 |       0 |    1050 |   0.0 |       0 |      30 |   0.0 |  1045
           D:6 |       0 |    1081 |   0.0 |       0 |      32 |   0.0 |   827
           D:7 |       0 |    1446 |   0.0 |       0 |      18 |   0.0 |   828
           D:8 |       0 |    1809 |   0.0 |       0 |      23 |   0.0 |   778
           D:9 |       0 |    2689 |   0.0 |       0 |      61 |   0.0 |  1720
          D:10 |       0 |     711 |   0.0 |       0 |       3 |   0.0 |   128
          D:11 |       0 |     383 |   0.0 |       0 |      11 |   0.0 |   103
               +---------+---------+-------+---------+---------+-------+---------
